 Dungeon Crawl Stone Soup version 0.21-a0-91-ga5031da (webtiles) character file.

8334 Ijustatesigmund the Fighter (level 11, -8/106 HPs)
             Began as a Naga Fighter on June 29, 2017.
             Was a High Priest of Cheibriados.
             Killed from afar by an electric eel (13 damage)
             ... with a bolt of electricity
             ... on level 11 of the Dungeon on June 30, 2017.
             The game lasted 00:27:10 (10143 turns).

Ijustatesigmund the Fighter (Naga Fighter)         Turns: 10143, Time: 00:27:10

Health: -8/106     AC: 10    Str: 29    XL:     11   Next: 29%
Magic:  18/18      EV: 10    Int: 20    God:    Cheibriados [*****.]
Gold:   530        SH: 12    Dex: 25    Spells: 9/10 levels left

rFire    . . .     SeeInvis +   a - +4 whip (venom)
rCold    + . .     Gourm    .   c - +0 shield
rNeg     . . .     Faith    .   G - +0 troll leather armour
rPois    +         Spirit   .   (no helmet)
rElec    .         Reflect  .   l - scarf {cloud immunity}
rCorr    .         Harm     .   v - +1 pair of gloves
MR       +....                  (no barding)
Stlth    ++........             (no amulet)
HPRegen  0.67/turn              j - ring of wizardry
MPRegen  0.16/turn              H - ring of protection from cold

@: very slow
A: iridescent scales 1, see invisible, blink, deformed body, poison resistance,
slowness 2, slow metabolism 1, spit poison 1, AC +3
a: Spit Poison, Blink, Bend Time, Temporal Distortion, Slouch, Step From Time,
Renounce Religion


You were on level 11 of the Dungeon.
You worshipped Cheibriados.
Cheibriados was extremely pleased with you.
You were not hungry.

You visited 2 branches of the dungeon, and saw 12 of its levels.

You collected 530 gold pieces.

Inventory:

Hand Weapons
 a - a +4 whip of venom (weapon)
 b - the +8 dagger of Currency {venom, rElec rN++ MR+ Int-2, unknown}
   (You found it on level 6 of the Dungeon)

   It poisons the flesh of those it strikes.
   It affects your intelligence (-2).
   It insulates you from electricity.
   It greatly protects you from negative energy.
   It affects your resistance to hostile enchantments.
Missiles
 A - 3 silver javelins (quivered)
 I - 6 curare-tipped needles
Armour
 c - a +0 shield (worn)
 h - a +1 ring mail of magic resistance
 l - a scarf of cloud immunity (worn)
 n - a +3 leather armour
 v - a +1 pair of gloves (worn)
 x - a +1 scale mail of cold resistance
 G - a +0 troll leather armour (worn)
Jewellery
 j - a ring of wizardry (left hand)
 o - an uncursed ring of magical power
 t - a +5 ring of dexterity
 E - a +4 ring of intelligence
 H - a ring of protection from cold (right hand)
Wands
 u - a wand of confusion (11/48)
 D - a wand of flame (14/48)
Scrolls
 d - 2 scrolls of fog
 e - 3 scrolls of identify
 k - 2 scrolls of magic mapping
 m - 3 scrolls of teleportation
 s - a scroll of amnesia
 y - 5 scrolls of recharging
 C - a scroll of remove curse
 F - a scroll of fear {unknown}
Potions
 i - a potion of cancellation
 p - 2 potions of brilliance
 w - a potion of curing
 z - 2 potions of flight
Books
 B - a book of Conjurations

   Spells                             Type                      Level
   a - Magic Dart                     Conjuration                  1
   b - Searing Ray                    Conjuration                  2
   c - Dazzling Spray                 Conjuration/Hexes            3
   d - Fulminant Prism                Conjuration/Hexes            4
   e - Force Lance                    Conjuration/Translocation    4
   f - Iskenderun's Mystic Blast      Conjuration                  4
Comestibles
 f - 6 bread rations
 g - 7 meat rations
 q - 36 fruits
 r - 13 royal jellies


   Skills:
 + Level 9.6 Fighting
 - Level 9.2 Maces & Flails
 - Level 4.2 Armour
 - Level 3.2 Dodging
 - Level 4.1 Shields
 - Level 2.1 Conjurations
 + Level 9.6 Invocations


You had 9 spell levels left.
You knew the following spells:

 Your Spells              Type           Power        Failure   Level  Hunger
a - Magic Dart            Conj           #...         11%         1    ##.....


Dungeon Overview and Level Annotations

Branches:
Dungeon (11/15)            Temple (1/1) D:4
   Lair: D:8-11         Orc: D:9-12

Altars:
Ashenzari
Cheibriados
Dithmenos
Elyvilon
Fedhas
Gozag
Hepliaklqana
Kikubaaqudgha
Makhleb
Nemelex Xobeh
Okawaru
Qazlal
Ru
Sif Muna
Trog
Uskayaw
Vehumet
Wu Jian
Xom
Yredelemnul
Zin
The Shining One


Innate Abilities, Weirdness & Mutations

You cannot wear boots.
Your serpentine skin is tough. (AC +3)
You have supernaturally acute eyesight. (SInv)
Armour fits poorly on your strangely shaped body.
Your system is resistant to poisons. (rPois)
You cover ground very slowly.
You have a slow metabolism.
You can spit poison.
You are partially covered in iridescent scales. (AC +2)
You can translocate small distances at will.


Message History

The electric eel shoots out a bolt of lightning at you!
The bolt of electricity hits the electric eel.
The electric eel completely resists.
The bolt of electricity hits you!
The electric eel shoots out a bolt of lightning at you!
The bolt of electricity hits you!
* * * LOW HITPOINT WARNING * * *
The electric eel shoots out a bolt of lightning at you!
The bolt of electricity hits you!
* * * LOW HITPOINT WARNING * * *
The electric eel shoots out a bolt of lightning at you!
The bolt of electricity hits you!
* * * LOW HITPOINT WARNING * * *
The electric eel shoots out a bolt of lightning at you!
The bolt of electricity hits you!
* * * LOW HITPOINT WARNING * * *
As you read the scroll of fog, it crumbles to dust.
The scroll dissolves into smoke.
The electric eel shoots out a bolt of lightning at you!
The bolt of electricity hits you!
You die...

..# #..<......#
.†# #.........#
.<# #.........#
.†# #.........#
..# #.....!...#
..# #.....†.†.#
..# #.........#
..# #....§§§..#
..# ####.....@§..#
...
.........§§§..#
...
..............####
#####.>...........
#.........###.#
................
......≈.........
#...≈....;.≈..≈..
#...≈≈≈;;≈.≈.%...


You could see an electric eel.

Vanquished Creatures
  A two-headed ogre (D:10)
  Sonja (D:10)
  An unseen horror (D:11)
  The ghost of Ijustatesigmund the Cudgeler, a novice NaFi of Cheibriados (D:5)
  Joseph (D:7)
  A komodo dragon (D:10)
  A queen bee (D:10)
  2 trolls (D:10)
  A hornet (D:11)
  A hippogriff (D:7)
  2 wyverns (D:10)
  A wraith (D:10)
  3 orc warriors
  A sky beast (D:10)
  An ice beast (D:5)
  A phantom (D:10)
  2 wolves (D:11)
  5 ogres
  A crocodile (D:10)
  2 big kobolds
  9 bullfrogs
  A water moccasin zombie (D:7)
  A wyvern skeleton (D:10)
  2 scorpions
  19 killer bees (D:10)
  4 howler monkeys
  2 crimson imps
  2 quasits
  3 centaur zombies
  An orc priest (D:6)
  3 orc wizards
  A bullfrog skeleton (D:7)
  7 hounds
  2 jellies
  3 iguanas
  9 worker ants
  2 hound zombies
  3 gnolls (D:6)
  7 adders
  An ooze (D:5)
  An adder zombie (D:8)
  3 adder skeletons
  A worm (D:2)
  10 leopard geckos
  25 orcs
  4 bats
  3 giant cockroaches
  6 hobgoblins
  18 jackals
  4 kobolds
  6 quokkas
  3 frilled lizards (D:4)
  5 goblins
  A quokka skeleton (D:4)
  2 rats
204 creatures vanquished.

Notes
Turn   | Place    | Note
-------+----------+-------------------------------------------
     0 | D:1      | Ijustatesigmund the Naga Fighter began the quest for the Orb.
     0 | D:1      | Reached XP level 1. HP: 21/21 MP: 1/1
   104 | D:1      | Reached XP level 2. HP: 21/28 MP: 2/2
   613 | D:2      | Reached XP level 3. HP: 27/34 MP: 3/3
   730 | D:2      | Found an opulent altar of Gozag.
  1348 | D:3      | Reached XP level 4. HP: 20/42 MP: 4/4
  1567 | D:3      | Found a bloodstained altar of Trog.
  1647 | D:3      | Found a faded altar of an unknown god.
  1947 | D:3      | Noticed an ogre
  1951 | D:3      | Killed an ogre
  1951 | D:3      | Reached skill level 5 in Maces & Flails
  1951 | D:3      | Reached XP level 5. HP: 35/49 MP: 5/5
  2223 | D:4      | Reached XP level 6. HP: 54/56 MP: 6/6
  2940 | D:4      | Found a staircase to the Ecumenical Temple.
  2972 | Temple   | Entered the Ecumenical Temple
  3074 | Temple   | Became a worshipper of Cheibriados the Contemplative
  3360 | D:5      | Entered Level 5 of the Dungeon
  3409 | D:5      | Reached skill level 1 in Invocations
  3463 | D:5      | Noticed an ice beast
  3474 | D:5      | Killed an ice beast
  3474 | D:5      | Reached XP level 7. HP: 41/62 MP: 8/8
  3598 | D:5      | Noticed Ijustatesigmund's ghost (novice NaFi)
  3633 | D:5      | HP: 2/62 [Ijustatesigmund's ghost (4)]
  3639 | D:5      | HP: 2/62 [Ijustatesigmund's ghost (13)]
  3640 | D:5      | Killed Ijustatesigmund's ghost
  3640 | D:5      | Reached XP level 8. HP: 3/73 MP: 10/10
  4225 | D:5      | Gained mutation: You are partially covered in iridescent scales. (AC +2) [potion of mutation]
  4225 | D:5      | Gained mutation: You can translocate small distances at will. [potion of mutation]
  4587 | D:6      | Reached * piety under Cheibriados
  4594 | D:6      | Got a slimy dagger
  4649 | D:6      | Reached skill level 5 in Fighting
  5063 | D:6      | Reached skill level 5 in Invocations
  5437 | D:7      | Reached ** piety under Cheibriados
  5738 | D:7      | Noticed Joseph
  5754 | D:7      | Killed Joseph
  5754 | D:7      | Reached XP level 9. HP: 21/82 MP: 13/13
  6873 | D:8      | Reached *** piety under Cheibriados
  7048 | D:8      | Reached skill level 1 in Dodging
  7723 | D:9      | Learned a level 1 spell: Magic Dart
  7850 | D:9      | Reached XP level 10. HP: 87/94 MP: 15/15
  8262 | D:10     | Entered Level 10 of the Dungeon
  8919 | D:10     | Reached skill level 1 in Conjurations
  9032 | D:10     | Reached **** piety under Cheibriados
  9169 | D:10     | Noticed a two-headed ogre
  9187 | D:10     | Killed a two-headed ogre
  9551 | D:10     | Noticed Sonja
  9587 | D:10     | Killed Sonja
  9617 | D:10     | Reached XP level 11. HP: 86/104 MP: 17/17
  9774 | D:10     | Reached ***** piety under Cheibriados
  9989 | D:11     | Noticed an unseen horror
 10012 | D:11     | Killed an unseen horror
 10142 | D:11     | HP: 5/106 [electric eel/bolt of electricity (13)]
 10143 | D:11     | Killed from afar by an electric eel

Vault maps used:
D:1:      nicolae_arrival_memento_mori
D:2:      first_bread, dk_vineyard_2, grunt_gozag_statues
D:3:      bloody_trog, chequers_ecumenical_altar_island
D:4:      temple_hall, minmay_misc_feat_pillars
D:7:      uniq_joseph
D:9:      blue_anna_alchemist
D:10:     special_room, grunt_ministairs_9, uniq_sonja
D:11:     erik_lair_island, guppyfry_shop_earth
Temple:   kilobyte_greek_temple

Skill      XL: |  1  2  3  4  5  6  7  8  9 10 11 |
---------------+----------------------------------+-----
Maces & Flails | 3 4 5 6 7 8 9 |  9.2
Invocations    | 1 3 5 7 8 9 |  9.6
Fighting       | 4 6 7 8 9 |  9.6
Dodging        | 1 3 |  3.2
Armour         | 3 4 |  4.2
Shields        | 3 4 |  4.1
Conjurations   | 2 |  2.1

Action                   |  1- 3 |  4- 6 |  7- 9 | 10-12 || total
-------------------------+-------+-------+-------+-------++-------
Melee: Flail             |   117 |     4 |       |       ||   121
       Whip              |       |   152 |   377 |   299 ||   828
Throw: Javelin           |       |       |       |     1 ||     1
 Cast: Magic Dart        |       |       |     1 |     6 ||     7
Invok: Bend Time         |       |       |     1 |     2 ||     3
 Abil: Spit Poison       |       |       |     2 |     6 ||     8
       Blink             |       |       |     1 |     1 ||     2
Evoke: Wand              |       |       |       |    27 ||    27
  Use: Scroll            |     2 |     9 |    10 |     3 ||    24
       Potion            |     2 |     1 |     8 |     2 ||    13
 Stab: Sleeping          |       |       |     3 |     1 ||     4
       Confused          |       |       |       |     2 ||     2
  Eat: Chunk             |     1 |     6 |    10 |     1 ||    18
       Royal jelly       |       |       |       |     2 ||     2
Armor: Scale mail        |    59 |    48 |     5 |       ||   112
       Skin              |    18 |       |       |       ||    18
       Leather armour    |       |       |   101 |    26 ||   127
       Ring mail         |       |       |     1 |       ||     1
       Troll leather arm |       |       |       |   106 ||   106
Dodge: Dodged            |    24 |    16 |    84 |   154 ||   278
Block: Shield            |    61 |    61 |   145 |   208 ||   475
